AoeStats
← zamithdaniel

Black Forest

508799522Analyzed
4v4 RM · 9d ago on Sep 24, 2026· 46m 3s· 8 players
Game mode
Random Map
Map size
Large (8 player)
Population
200
Speed
Normal
Resources
Standard
Victory
Conquest
Starting age
Dark Age
Ending age
Imperial Age
RankedLock teamsTeams togetherTeam positionsShared explorationLock speedFull tech treeHidden civsTurbo modeCheats
Victory
Defeat
🇲🇽 Danes · Mexico
1008
+13
🇻🇪 Vikings · Venezuela
1000
+14
🇺🇸 Persians · United States
985
+14
🇲🇽 Khmer · Mexico
934
+17
🇨🇴 Turks · Colombia
987
-16
🇨🇴 Britons · Colombia
959
-15
🇨🇴 Persians · Colombia
932
-14
🇨🇴 Magyars · Colombia
921
-13
Uncle_Buck
0:29 Loom
12:14 Feudal Age
14:06 Double-Bit Axe
17:11 Castle Age
15:10 Horse Collar
18:34 Wheelbarrow
25:24 Forging
28:00 Caravan
28:55 Hand Cart
31:41 Imperial Age
29:25 Heavy Plow
30:54 Bow Saw
31:38 Kamandaran
31:29 Fletching
31:40 Padded Archer Armor
32:18 Iron Casting
31:49 Scale Barding Armor
31:44 Elite War Elephant
33:30 Conscription
34:27 Bloodlines
34:19 Husbandry
36:37 Blast Furnace
37:01 Chain Barding Armor
38:05 Light Cavalry
39:21 Devotion
39:39 Crossbowman
41:05 Thumb Ring
43:26 Plate Barding Armor
mimotaker
1:05 Loom
13:56 Feudal Age
19:58 Castle Age
18:08 Double-Bit Axe
18:19 Horse Collar
20:05 Stone Mining
20:08 Gold Mining
22:50 Wheelbarrow
24:27 Bow Saw
24:53 Heavy Plow
25:46 Hand Cart
29:12 Town Watch
39:09 Imperial Age
38:55 Tusk Swords
38:18 Pikeman
40:35 Double Crossbow
41:19 Gold Shaft Mining
42:40 Town Patrol
42:52 Heavy Scorpion
45:04 Redemption
45:20 Bloodlines
45:16 Husbandry
44:38 Cavalier
44:38 Light Cavalry
the King
0:27 Loom
13:02 Feudal Age
20:25 Castle Age
25:47 Double-Bit Axe
30:17 Imperial Age
28:19 Crossbowman
28:57 Fletching
29:07 Padded Archer Armor
29:34 Bodkin Arrow
30:04 Ballistics
30:28 Bow Saw
32:01 Chemistry
32:40 Fortified Wall
34:07 Two-Man Saw
33:13 Horse Collar
33:28 Arbalester
34:10 Capped Ram
37:59 Leather Archer Armor
38:08 Caravan
38:33 Onager
42:09 Bracer
45:56 Ring Archer Armor
45:07 Siege Ram
[MIAAU] GM Panzer IV
0:54 Loom
12:36 Feudal Age
13:10 Double-Bit Axe
13:06 Horse Collar
13:26 Gold Mining
13:30 Stone Mining
16:40 Castle Age
19:49 Bow Saw
19:52 Heavy Plow
21:49 Wheelbarrow
24:43 Gold Mining
26:03 Stone Shaft Mining
26:45 Squires
27:39 Hand Cart
30:04 Imperial Age
30:29 Scale Mail Armor
30:39 Forging
31:51 Elite Varangian Guard
32:48 Chain Mail Armor
33:08 Iron Casting
33:48 Gold Shaft Mining
32:48 Hamask
33:37 Onager
34:27 Arson
36:00 Siege Onager
36:04 Northmen's Fury
37:44 Siege Engineers
38:40 Chemistry
41:02 Heavy Scorpion
43:06 Plate Mail Armor
43:36 Blast Furnace
43:08 Ballistics
46:23 Conscription
andres simijaca
2:24 Loom
12:08 Feudal Age
12:40 Double-Bit Axe
12:48 Man-at-Arms
13:20 Horse Collar
17:00 Gold Mining
18:58 Arson
23:21 Castle Age
21:32 Stone Mining
23:32 Long Swordsman
24:39 Padded Archer Armor
25:25 Wheelbarrow
25:34 Gold Shaft Mining
25:32 Scale Mail Armor
26:07 Heavy Plow
26:44 Fletching
27:30 Corvinian Army
28:06 Bow Saw
29:00 Hand Cart
29:36 Bodkin Arrow
31:13 Leather Archer Armor
39:38 Imperial Age
37:46 Chain Mail Armor
44:16 Elite Magyar Huszar
44:40 Elite Magyar Huszar
45:41 Bloodlines
zamithdaniel
10:25 Feudal Age
11:42 Double-Bit Axe
18:29 Castle Age
17:46 Horse Collar
21:26 Heavy Plow
23:51 Gold Mining
23:55 Stone Mining
24:47 Bow Saw
28:39 Gold Shaft Mining
30:49 Imperial Age
30:55 Imperial Age
28:34 Loom
29:24 Wheelbarrow
28:35 Town Watch
31:04 Ballistics
33:04 Padded Archer Armor
33:15 Forging
33:10 Scale Barding Armor
34:16 Conscription
33:57 Artillery
33:18 Elite Janissary
34:17 Elite Janissary
36:01 Leather Archer Armor
36:22 Iron Casting
36:08 Chain Barding Armor
37:53 Hand Cart
38:19 Husbandry
38:31 Bloodlines
45:43 Ring Archer Armor
46:13 Blast Furnace
45:49 Plate Barding Armor
Dovahkyn
6:50 Loom
10:58 Feudal Age
16:52 Castle Age
19:26 Horse Collar
19:37 Double-Bit Axe
21:36 Heavy Plow
24:26 Gold Mining
26:09 Wheelbarrow
25:22 Town Watch
25:39 Fletching
26:06 Padded Archer Armor
27:06 Bodkin Arrow
28:27 Stone Mining
29:38 Ballistics
30:46 Treadmill Crane
31:59 Bow Saw
32:30 Gold Shaft Mining
32:25 Leather Archer Armor
34:44 Imperial Age
33:07 Forging
33:02 Caravan
33:32 Coinage
34:58 Hand Cart
36:30 Chemistry
35:38 Siege Engineers
34:56 Heavy Scorpion
36:22 Conscription
36:45 Bracer
37:47 Ring Archer Armor
42:23 Masonry
42:08 Crossbowman
42:09 Heavy Mounted Crossbowman
42:09 Cranequins
43:16 Fortified Wall
44:12 Arbalester
edwinsy22
0:37 Loom
13:51 Feudal Age
15:05 Wheelbarrow
14:54 Horse Collar
15:02 Double-Bit Axe
22:01 Castle Age
25:15 Hand Cart
25:54 Gold Mining
26:23 Caravan
27:05 Bow Saw
30:23 Kamandaran
34:02 Imperial Age
33:18 Gold Shaft Mining
32:37 Stone Mining
32:50 Heated Shot
33:21 Ballistics
33:37 Crossbowman
36:36 Heavy Plow
37:50 Two-Man Saw
36:58 Padded Archer Armor
36:49 Fletching
38:22 Thumb Ring
38:59 Scale Barding Armor
39:06 Forging
38:53 Bodkin Arrow
40:33 Elite War Elephant
45:01 Chemistry
Connection lost

Rejoining the realm…

Still unreachable

The connection could not be restored.

Session expired

The server has moved on; the page needs a fresh start.